 Dungeon Crawl Stone Soup version 0.29-a0-563-g64e4043184 (webtiles) character file.

Game seed: 7453589533850809162

17966 inmateoo the Carver (level 12, -3/84 HPs)
             Began as a Demonspawn Fighter on June 11, 2022.
             Was an Elder of Hepliaklqana.
             Slain by a ten-headed hydra (5 damage)
             ... on level 12 of the Dungeon.
             The game lasted 00:20:15 (13979 turns).

inmateoo the Carver (Demonspawn Fighter)           Turns: 13979, Time: 00:20:16

Health: -3/84      AC: 13    Str: 24    XL:     12   Next: 23%
Magic:  12/12      EV: 14    Int:  9    God:    Hepliaklqana [****..]
Gold:   818        SH:  6    Dex: 14    Spells: 11/11 levels left

rFire   . . .      SeeInvis .   k - +6 long sword
rCold   + . .      Faith    .   c - +0 buckler
rNeg    . . .      Spirit   .   o - +4 leather armour of Curiosity {Str+3}
rPois   .          Reflect  .   (helmet unavailable)
rElec   .          Harm     .   (no cloak)
rCorr   .          Rampage  .   E - +1 pair of gloves of Kiemav {Slay+3}
Will    +....                   g - +0 pair of boots
Stlth   +.........              b - amulet of regeneration
HPRegen 1.04/turn               n - ring of protection from cold
MPRegen 0.13/turn               G - ring of willpower

@: no status effects
A: reduced essence, horns 3, molten scales 1, demonic guardian 2, foul stench 1
a: Renounce Religion, Recall Ancestor, Ancestor Identity, Transference, Idealise


You were on level 12 of the Dungeon.
You worshipped Hepliaklqana.
Hepliaklqana was greatly pleased with you.
You visited 2 branches of the dungeon, and saw 13 of its levels.
You also visited: Bailey.

You collected 926 gold pieces.
You spent 108 gold pieces at shops.

Inventory:

Hand Weapons
 k - a +6 long sword (weapon)
Missiles
 B - 4 curare-tipped darts (quivered)
Armour
 c - a +0 buckler (worn)
 g - a +0 pair of boots (worn)
 o - the +4 leather armour of Curiosity (worn) {Str+3}
   (You found it on level 6 of the Dungeon)

   Str:       It affects your strength (+3).
 E - the +1 pair of gloves of Kiemav (worn) {Slay+3}
   (You acquired it on level 11 of the Dungeon)

   Slay:      It affects your accuracy & damage with ranged weapons and melee
   (+3).
Jewellery
 b - an amulet of regeneration (around neck)
 n - a ring of protection from cold (left hand)
 G - a ring of willpower (right hand)
Wands
 r - a wand of flame (49)
 y - a wand of paralysis (5)
 C - a wand of digging (5)
Scrolls
 e - 4 scrolls of immolation
 l - a scroll of enchant armour {unknown}
 s - 5 scrolls of silence
 t - 3 scrolls of poison
 u - 3 scrolls of fog
 v - 2 scrolls of teleportation
 w - 8 scrolls of identify
 z - 3 scrolls of amnesia
 F - 3 scrolls of noise {unknown}
Potions
 a - 2 potions of berserk rage
 d - 3 potions of might
 f - 8 potions of flight
 h - 2 potions of attraction
 i - 3 potions of resistance
 j - a potion of cancellation
 m - 5 potions of mutation
 q - a potion of curing
 x - 2 potions of heal wounds
 A - 3 potions of invisibility {unknown}
 D - a potion of ambrosia {unknown}
 H - a potion of lignification
Miscellaneous
 p - a lightning rod (4/4)


   Skills:
 + Level 8.9 Fighting
 * Level 11.1 Long Blades
 + Level 8.2 Armour
 + Level 7.5 Dodging
 + Level 8.1 Shields


You had 11 spell levels left.
You didn't know any spells.
Your spell library contained the following spells:

 Spells                   Type           Power      Damage    Failure   Level
 Necrotize                Necr           0%         1d4       50%         1
 Shock                    Conj/Air       0%         1d3       50%         1
 Sting                    Tmut/Pois      0%         1d3       50%         1
 Poisonous Vapours        Pois/Air       0%         N/A       65%         2
 Sublimation of Blood     Necr           0%         N/A       65%         2
 Wereblood                Tmut           0%         N/A       65%         2
 Swiftness                Air            0%         N/A       86%         3
 Vampiric Draining        Necr           0%         2d6       86%         3
 Airstrike                Air            0%         N/A       99%         4
 Olgreb's Toxic Radiance  Pois           0%         N/A       99%         4
 Agony                    Necr           0%         N/A       100%        5
 Dispersal                Tloc           0%         N/A       100%        6
 Summon Hydra             Summ           0%         N/A       100%        7
 Disjunction              Tloc           0%         N/A       100%        8


Dungeon Overview and Level Annotations

Branches:
Dungeon (12/15)            Temple (1/1) D:5            Lair (0/6) D:9
    Orc (0/2) D:10         Bailey (visited)

Altars:
Ashenzari
Cheibriados
Dithmenos
Elyvilon
Fedhas
Gozag
Hepliaklqana
Kikubaaqudgha
Makhleb
Nemelex Xobeh
Okawaru
Qazlal
Ru
Sif Muna
Trog
Uskayaw
Vehumet
Wu Jian
Xom
Yredelemnul
Zin
The Shining One
Lugonu

Shops:
D:5 *   D:7 [   D:10 :

Annotations:
D:4 2 runed translucent doors, exclusion: goblin, dezertu's ghost, amateur SpHu
D:8 3 runed translucent doors, Haaias's ghost, novice MiBe
D:10 1 runed translucent door, Megustar's ghost, journeyman DEFE


Innate Abilities, Weirdness & Mutations

Your life essence is reduced to manifest your ancestor. (-10% HP)
You have a pair of large horns on your head.
You are partially covered in molten scales. (AC +2)
A demonic guardian rushes to your aid.
You may rarely emit foul miasma when damaged in melee.


Message History

The six-headed hydra grows two more!
You slash the eight-headed hydra!
The eight-headed hydra is lightly wounded.
The eight-headed hydra bites you.
The eight-headed hydra closely misses you.
The eight-headed hydra bites you.
The eight-headed hydra bites you but does no damage. x2
The eight-headed hydra completely misses you.
The eight-headed hydra bites you.
The eight-headed hydra completely misses you.
Ur-Dumizida hits the eight-headed hydra with a +0 flail.
An eight-headed hydra is nearby!
You lop one of the eight-headed hydra's heads off!
The seven-headed hydra grows two more!
You hit the nine-headed hydra. You headbutt the nine-headed hydra.
The nine-headed hydra is lightly wounded.
The nine-headed hydra bites you! x2; The nine-headed hydra bites you.
You emit a cloud of foul miasma!
The nine-headed hydra bites you but does no damage.
The nine-headed hydra bites you!
You block the nine-headed hydra's attack. x2
The nine-headed hydra bites you but does no damage.
The nine-headed hydra closely misses you.
Ur-Dumizida completely misses the nine-headed hydra.
You slice one of the nine-headed hydra's heads off!
The eight-headed hydra grows two more!
You slash the ten-headed hydra!
The ten-headed hydra is lightly wounded.
The ten-headed hydra is engulfed in dark miasma.
The ten-headed hydra is poisoned.
The ten-headed hydra bites you.
You block the ten-headed hydra's attack.
The ten-headed hydra barely misses you. The ten-headed hydra bites you!
The ten-headed hydra bites you.
The ten-headed hydra bites you but does no damage.
The ten-headed hydra bites you!
* * * LOW HITPOINT WARNING * * *
The ten-headed hydra bites you.
* * * LOW HITPOINT WARNING * * *
A demonic guardian appears!
The ten-headed hydra bites you!
* * * LOW HITPOINT WARNING * * *
The ten-headed hydra bites you.
You die...

##....#####
####.....# #####.#
#.# ## #########'##
.########....<.....#
.##.....+.....3....#
....#####..........#
.#### #.......@R.#
## ########D### #
..# # #### #####
....# ##+########
....### #..........


You could see the friendly Ur-Dumizida the knight, a ten-headed hydra (poisoned,
ally target) and a friendly sixfirhy (summoned).

Vanquished Creatures
  2 two-headed ogres (D:11)
  A centaur warrior (D:12)
  Sonja (D:10)
  2 orc knights (Bailey)
  A manticore (D:10)
  An ice statue (D:8)
  A black mamba (shapeshifter) (D:11)
  A gargoyle (D:12)
  A troll (D:8)
  Prince Ribbit (D:8)
  A hornet (D:9)
  A shadow (D:12)
  2 wraiths
  3 wyverns
  13 yaks
  2 vampire mosquitoes (D:12)
  A steam dragon (D:8)
  An acid dragon (D:11)
  Duvessa (D:4)
  5 water moccasins (D:9)
  6 orc warriors
  3 sky beasts
  2 ogres
  3 ice beasts
  3 centaurs
  A kobold brigand (D:6)
  A phantom (D:6)
  A bullfrog (D:7)
  A gnoll sergeant (D:5)
  A necrophage (D:6)
  10 wights
  Dowan (D:4)
  4 killer bees (D:11)
  2 howler monkeys
  3 hounds
  3 gnoll shamans
  10 orc priests
  4 jellies
  An iguana (D:6)
  11 orc wizards
  6 adders
  13 gnolls
  2 shadow imps
  4 white imps
  An ufetubus (D:6)
  45 orcs
  7 endoplasms
  7 giant cockroaches
  9 goblins
  12 hobgoblins
  6 jackals
  16 kobolds
  A quokka (D:1)
  8 ball pythons
  4 bats
  6 frilled lizards
  4 rats
264 creatures vanquished.

Vanquished Creatures (collateral kills)
  A cyclops (D:12)
  A manticore (D:11)
  7 ice devils (D:8)
  A troll (D:11)
  A shadow (D:12)
  3 wyverns
  A wraith (D:11)
  8 yaks
  A black bear (D:8)
  An orc warrior (Bailey)
  A sky beast (D:8)
  A centaur (D:9)
  A necrophage (D:7)
  3 wights
  A killer bee (D:11)
  6 gnolls
  A shadow imp (D:8)
  A white imp (D:8)
  2 ufetubi (D:8)
  7 orcs
  A goblin (Bailey)
  A hobgoblin (D:7)
  7 kobolds
58 creatures vanquished.

Vanquished Creatures (others)
  A knight (D:8)
  2 ancestors (Bailey)
  3 ufetubi (D:8)
  A hobgoblin (D:4)
  11 fungi
  30 plants
48 creatures vanquished.

Grand Total: 370 creatures vanquished

Notes
Turn   | Place    | Note
-------+----------+-------------------------------------------
     0 | D:1      | inmateoo the Demonspawn Fighter began the quest for the
                  | Orb.
     0 | D:1      | Reached XP level 1. HP: 18/18 MP: 1/1
   130 | D:1      | Reached skill level 2 in Long Blades
   191 | D:1      | Gained mutation: You have a pair of small horns on your
                  | head. [demonic ancestry]
   191 | D:1      | Reached XP level 2. HP: 22/24 MP: 2/2
   253 | D:1      | Found a faded altar of an unknown god.
   505 | D:1      | Gained mutation: You are partially covered in molten
                  | scales. (AC +2) [demonic ancestry]
   505 | D:1      | Reached XP level 3. HP: 28/29 MP: 3/3
   760 | D:2      | Identified the +0 hunting sling of the Secret Mice {flame,
                  | Fly rCorr}
  1088 | D:2      | Reached skill level 1 in Dodging
  1506 | D:3      | Reached XP level 4. HP: 33/35 MP: 4/4
  1652 | D:3      | Found a sparkling altar of Nemelex Xobeh.
  1747 | D:3      | Reached skill level 3 in Long Blades
  1752 | D:3      | Found the +1 Delatra's gloves {ID++}
  2285 | D:4      | Gained mutation: A weak demonic guardian rushes to your
                  | aid. [demonic ancestry]
  2285 | D:4      | Reached XP level 5. HP: 32/41 MP: 5/5
  2388 | D:4      | Noticed Duvessa
  2389 | D:4      | Noticed Dowan
  2465 | D:4      | Killed Duvessa
  2715 | D:4      | Killed Dowan
  2716 | D:4      | Reached XP level 6. HP: 15/48 MP: 6/6
  3104 | D:4      | Found a runed translucent door.
  3159 | D:4      | Found a runed translucent door.
  3196 | D:4      | Noticed dezertu's ghost (amateur SpHu)
  4076 | D:5      | Entered Level 5 of the Dungeon
  4083 | D:5      | Reached skill level 4 in Long Blades
  4085 | D:5      | Found Bemeqob's Overcharged Wands.
  4432 | D:5      | Found a shadowy altar of Dithmenos.
  4442 | D:5      | Found a staircase to the Ecumenical Temple.
  4457 | Temple   | Entered the Ecumenical Temple
  4677 | D:5      | Reached XP level 7. HP: 54/54 MP: 7/7
  5074 | D:5      | Found an ancient bone altar of Kikubaaqudgha.
  5074 | D:5      | Found a bloodstained altar of Trog.
  5972 | D:6      | Found a hazy altar of Hepliaklqana.
  5972 | D:6      | Found a radiant altar of Vehumet.
  6011 | D:6      | Became a worshipper of Hepliaklqana the Forgotten
  6053 | D:6      | Reached skill level 5 in Long Blades
  6239 | D:6      | Found a hide-covered altar of Uskayaw.
  6308 | D:6      | Reached XP level 8. HP: 43/61 MP: 8/8
  6580 | D:6      | Found a burning altar of Makhleb.
  6582 | D:6      | Found a sacrificial altar of Ru.
  7432 | D:6      | Reached skill level 5 in Fighting
  7541 | D:6      | Identified the +4 leather armour of Curiosity {Str+3}
  7915 | D:6      | Reached skill level 6 in Long Blades
  8132 | D:6      | Reached skill level 5 in Shields
  8161 | D:7      | Reached skill level 5 in Armour
  8217 | D:7      | Identified the +1 scale mail "Zefis" {Str+3}
  8303 | D:7      | Gained mutation: You have a pair of horns on your head.
                  | [demonic ancestry]
  8303 | D:7      | Reached XP level 9. HP: 64/68 MP: 9/9
  8384 | D:7      | Found Qatwo's Antique Armour Shoppe.
  8451 | D:7      | Bought a pair of boots for 108 gold pieces
  8672 | D:7      | Reached * piety under Hepliaklqana
  8711 | D:7      | Found a flagged portal.
  8720 | Bailey   | Entered a bailey
  8746 | Bailey   | Noticed an orc knight
  8776 | Bailey   | Reached skill level 7 in Long Blades
  8781 | Bailey   | Noticed an orc knight
  8879 | Bailey   | Killed an orc knight
  9146 | Bailey   | Killed an orc knight
  9147 | Bailey   | Reached skill level 5 in Dodging
  9149 | Bailey   | Gained mutation: You have a pair of large horns on your
                  | head. [demonic ancestry]
  9149 | Bailey   | Reached XP level 10. HP: 41/69 MP: 10/10
  9433 | D:8      | Found a shimmering altar of Xom.
  9492 | D:8      | Noticed an ice statue
  9518 | D:8      | Reached skill level 8 in Long Blades
  9568 | D:8      | Noticed Prince Ribbit
  9586 | D:8      | Killed Prince Ribbit
  9611 | D:8      | Found a runed translucent gate.
  9611 | D:8      | Found a runed translucent gate.
  9611 | D:8      | Found a runed translucent gate.
  9611 | D:8      | Noticed a nine-headed hydra
  9612 | D:8      | Noticed Haaias's ghost (novice MiBe)
  9756 | D:8      | You fall into a shaft and drop 1 floor!
  9775 | D:9      | HP: 3/63 [wight/+0 dire flail (12)]
 10242 | D:8      | Reached ** piety under Hepliaklqana
 10251 | D:8      | Remembered your ancestor Ur-Dumizida as a knight
 10730 | D:8      | Reached skill level 9 in Long Blades
 10817 | D:8      | Gained mutation: A demonic guardian rushes to your aid.
                  | [demonic ancestry]
 10817 | D:8      | Reached XP level 11. HP: 75/75 MP: 11/11
 11236 | D:9      | Found a blossoming altar of Fedhas.
 11346 | D:9      | Found an opulent altar of Gozag.
 11354 | D:9      | Reached skill level 10 in Long Blades
 11434 | D:9      | Found a staircase to the Lair.
 11532 | D:10     | Entered Level 10 of the Dungeon
 11541 | D:10     | Noticed Megustar's ghost (journeyman DEFE)
 11555 | D:10     | Found a runed translucent door.
 11571 | D:10     | Found a staircase to the Orcish Mines.
 11735 | D:10     | Found a broken altar of Ashenzari.
 11930 | D:10     | Found Halyozom's Book Shop.
 12271 | D:10     | Noticed Sonja
 12276 | D:10     | Killed Sonja
 12570 | D:10     | Reached *** piety under Hepliaklqana
 12747 | D:11     | Identified a scroll of acquirement
 12747 | D:11     | Acquired the +1 pair of gloves of Kiemav {Slay+3}
 13036 | D:11     | Noticed a two-headed ogre
 13043 | D:11     | Killed a two-headed ogre
 13240 | D:11     | Noticed a two-headed ogre
 13252 | D:11     | Killed a two-headed ogre
 13253 | D:11     | Gained mutation: You may rarely emit foul miasma when
                  | damaged in melee. [demonic ancestry]
 13253 | D:11     | Reached XP level 12. HP: 33/84 MP: 12/12
 13587 | D:12     | Noticed a centaur warrior
 13589 | D:12     | Killed a centaur warrior
 13632 | D:12     | Reached skill level 11 in Long Blades
 13889 | D:12     | Reached **** piety under Hepliaklqana
 13976 | D:12     | Noticed a seven-headed hydra
 13979 | D:12     | HP: 2/84 [ten-headed hydra (12)]
 13979 | D:12     | Slain by a ten-headed hydra

Illustrated notes

Levels and vault maps discovered:
D:1:      scummos_arrival_checkerplants, layout_loops_ring,
          hellmonk_ecumenical_altar_heavens_door, due_unseen_surprise
D:2:      layout_basic
D:3:      layout_basic, nemelex_dance_club_becter, pf_guarded_unrand_delatra
D:4:      layout_basic, ebering_ghost_sewer_f, minmay_goblin_outpost,
          uniq_duvessa
D:5:      layout_basic, grunt_dithmenos_smoke_and_mirrors,
          gammafunk_temple_overflow_elements, minmay_temple_entry_proselytizer,
          serial_corexii_hall, chequers_hall_statues_wall_a,
          chequers_hall_statues_wall_a, corexii_hall_statues_s,
          corexii_hall_statues_l, nicolae_shop_overcharged_wands
D:6:      minmay_skewed_foursquare, layout_basic,
          nicolae_uskayaw_murder_on_the_dancefloor,
          mainiacjoe_overflow_tiny_flanked, nicolae_overflow_squiral,
          bloody_makhleb, serial_aquarium, aquarium_bridge_square
          [aquarium_subvault_window, aquarium_subvault_wall,
          aquarium_subvault_bridge, aquarium_subvault_window],
          aquarium_bridge_square [aquarium_subvault_wall,
          aquarium_subvault_balcony, aquarium_subvault_wall,
          aquarium_subvault_bridge], aquarium_window_fake, aquarium_window_fake,
          aquarium_window_2, aquarium_window_corner, aquarium_view_2b
D:7:      layout_basic, serial_shops, nicolae_shop_waterfront, enter_bailey_4
D:8:      cheibrodos_frozen_isle, layout_basic, brannock_xom_greatest_gift,
          gammafunk_ghost_hydra_chop, minmay_misc_feat_nine_boxes,
          uniq_prince_ribbit1
D:9:      layout_rooms, fedhas_altar_2, kennysheep_mini, marbit_many_paths,
          minmay_lair_entry_grove
D:10:     layout_small_grid, zin_scriptorium, mainiacjoe_overflow_24_doors,
          david_orc_2, hellmonk_ghost_big_iron, serial_shops,
          nicolae_shop_waterfront, minmay_misc_feat_hallway,
          minmay_statues_item, uniq_sonja
D:11:     layout_long_grid
D:12:     layout_roguey
Temple:   corrupted_temple

Skill      XL: |  1  2  3  4  5  6  7  8  9 10 11 12 |
---------------+-------------------------------------+-----
Long Blades    | 2 3 4 5 6 7 9 10 11 | 11.1
Armour         | 3 4 5 6 7 8 |  8.2
Dodging        | 1 2 3 4 5 6 7 |  7.5
Shields        | 3 4 5 6 7 8 |  8.1
Fighting       | 4 5 6 7 8 |  8.9

Action                   |  1- 3 |  4- 6 |  7- 9 | 10-12 || total
-------------------------+-------+-------+-------+-------++-------
Melee: Long sword        |    74 |       |   157 |   371 ||   602
       Headbutt          |    11 |    24 |    98 |    89 ||   222
       Mace              |    59 |    37 |       |       ||    96
       Falchion          |       |   116 |   242 |       ||   358
Invok: Ancestor Life: Kn |       |       |       |     1 ||     1
Evoke: Wand              |       |       |    12 |       ||    12
  Use: Scroll            |     8 |     4 |     8 |     5 ||    25
       Potion            |       |       |     3 |     3 ||     6
 Stab: Paralysed         |       |       |    16 |       ||    16
       Distracted        |       |       |     1 |     1 ||     2
       Sleeping          |       |       |       |     1 ||     1
Armor: Scale mail        |    72 |    78 |    81 |       ||   231
       Leather armour    |       |       |    57 |   149 ||   206
       Skin              |       |       |     3 |       ||     3
Dodge: Dodged            |    70 |    63 |   208 |   244 ||   585
Block: Buckler           |    21 |    30 |    96 |   101 ||   248

Table legend: (Time is in decaauts)
 A = Elapsed time spent in this place.
 B = Non-inter-level travel time spent in this place.
 C = Inter-level travel time spent in this place.
 D = Time resting spent in this place.
 E = Time spent auto-exploring this place.
 F = Levels seen in this place.
 G = Mean time per level.
                   A        B        C        D        E       F      G
               +--------+--------+--------+--------+--------+-----+--------+
         Total |  14124 |  13681 |    443 |   4242 |   6216 |  14 | 1008.9 |
       Dungeon |  13398 |  12966 |    432 |   4029 |   6059 |  12 | 1116.5 |
        Temple |    103 |     92 |     11 |     62 |     22 |   1 |  103.0 |
        Bailey |    621 |    621 |      0 |    151 |    135 |   1 |  621.0 |
               +--------+--------+--------+--------+--------+-----+--------+

Top non-repeatable levels by time:
     D:6: 2050 daAuts
     D:4: 1955 daAuts
     D:5: 1668 daAuts
     D:8: 1376 daAuts
    D:10: 1160 daAuts
     D:3: 1040 daAuts
    D:11: 878 daAuts
     D:1: 772 daAuts
     D:9: 730 daAuts
     D:7: 699 daAuts
     D:2: 657 daAuts
  Bailey: 621 daAuts
    D:12: 409 daAuts
  Temple: 103 daAuts
